 Dungeon Crawl Stone Soup version 0.18.1-50-g88ac8fd (webtiles) character file.

377 Kronon the Skirmisher (level 6, -10/52 HPs)
             Began as a Demonspawn Wanderer on Sept 18, 2016.
             Was a Follower of Pakellas.
             Killed by divine providence
             ... invoked by an orc priest
              (11 damage)
             ... on level 4 of the Dungeon.
             The game lasted 00:16:45 (2807 turns).

Kronon the Skirmisher (Demonspawn Wanderer)         Turns: 2807, Time: 00:16:46

Health: -10/52     AC:  7    Str: 14 (15) XL:     6   Next: 45%
Magic:  6/6        EV: 16    Int:  8 (11) God:    Pakellas [*.....]
Gold:   160        SH:  0    Dex: 18 (19) Spells: 0 memorised, 5 levels left

rFire  . . .     SeeInvis .     l - -1 trident (curse)
rCold  . . .     Gourm    .     f - +0 robe
rNeg   + . .     Faith    .     (no shield)
rPois  .         Spirit   .     (no helmet)
rElec  .         Dismiss  .     p - +0 cloak
rCorr  .         Reflect  .     n - +0 pair of gloves (curse)
SustAt .         Harm     .     (no boots)
MR     .....                    (no amulet)
Stlth  +++.......               (no ring)
                                k - ring of positive energy

@: agile, not resistant to hostile enchantments, fairly stealthy
A: icy blue scales 2, demonic guardian 1
a: Quick Charge, Renounce Religion


You were on level 4 of the Dungeon.
You worshipped Pakellas.
Pakellas was aware of your devotion.
You were very hungry.

You visited 1 branch of the dungeon, and saw 4 of its levels.

You collected 160 gold pieces.

Inventory:

Hand Weapons
 a - a +2 hand crossbow
 e - a +0 blowgun
 l - a cursed -1 trident (weapon)
Missiles
 b - 62 bolts
 d - 29 poisoned needles
Armour
 f - a +0 robe (worn)
 n - a cursed +0 pair of gloves (worn)
 p - a +0 cloak (worn)
Jewellery
 k - a ring of positive energy (left hand)
Wands
 t - a wand of confusion (25/48)
 y - a wand of confusion (32/48)
Scrolls
 c - 2 scrolls of teleportation
 h - 7 scrolls of identify {unknown}
 i - a scroll of noise {unknown}
 j - a scroll of recharging {unknown}
 m - 2 scrolls of magic mapping {unknown}
 r - 2 scrolls of remove curse {unknown}
 v - a scroll of amnesia {unknown}
 w - 2 scrolls of blinking {unknown}
 x - 2 scrolls of fear {unknown}
 B - a scroll of enchant weapon {unknown}
Books
 q - a book of the Warp

   Spells                             Type                      Level
   a - Recall                         Summoning/Translocation      3
   b - Gell's Gravitas                Hexes/Translocation          3
   c - Force Lance                    Conjuration/Translocation    4
   d - Warp Weapon                    Charms/Translocation         5
   e - Summon Forest                  Summoning/Translocation      5
Comestibles
 g - 3 bread rations
 o - a meat ration


   Skills:
 + Level 6.0 Fighting
   Level 1.0 Short Blades
 * Level 2.3 Polearms
 - Level 2.6 Crossbows
 - Level 1.0 Throwing
 - Level 1.0 Armour
 - Level 1.0 Dodging
 - Level 1.0 Stealth
   Level 1.0 Shields


You had 5 spell levels left.
You didn't know any spells.

Dungeon Overview and Level Annotations

Branches:
Dungeon (4/15)
 Temple: D:4-7

Altars:
Ashenzari
Pakellas
Sif Muna
Xom

Annotations:
D:3 Natasha


Innate Abilities, Weirdness & Mutations

You are mostly covered in icy blue scales (AC +3, EV -1).
A weak demonic guardian rushes to your aid.


Message History

You hear some strange, mumbled words.
A puff of flame appears from out of thin air!
The puff of flame hits you!
* * * LOW HITPOINT WARNING * * *
Your quasit bites the orc priest.
Your quasit completely misses the orc priest.
Your quasit closely misses the orc priest.
The orc priest hits your quasit but does no damage.
Attack whom?
Press: ? - help, Dir - move target cursor You reach to attack!
You attack empty space.
Something hits you.
* * * LOW HITPOINT WARNING * * *
Your quasit bites the orc priest but does no damage.
Your quasit claws the orc priest.
Your quasit barely misses the orc priest.
Something barely misses you.
The orc priest mumbles some strange prayers to Beogh against you.
Beogh smites you!
You die...
Pakellas says: Time to find a new assistant...

## ###.#####
..#....#
#.#.#.########
##....5oo.....
#.)..@########
##...## ##.##
##.# #..# #.+##
#.######.#^##
........_...##
#.###..#.#...##


You could see an orc priest, an orc and a friendly quasit.

Vanquished Creatures
  Natasha (D:3)
  Terence (D:2)
  4 adders
  2 gnolls (D:1)
  2 oozes
  3 worms (D:2)
  3 dart slugs
  A giant gecko (D:2)
  6 giant cockroaches
  4 hobgoblins
  2 jackals (D:2)
  4 quokkas
  A ball python (D:2)
  9 bats
  4 giant newts
  5 goblins
  10 kobolds
  11 rats
73 creatures vanquished.

Vanquished Creatures (collateral kills)
  Grinder (D:3)
  An orc wizard (D:4)
  An ooze (D:3)
  An orc (D:4)
4 creatures vanquished.

Grand Total: 77 creatures vanquished

Notes
Turn   | Place    | Note
--------------------------------------------------------------
     0 | D:1      | Kronon the Demonspawn Wanderer began the quest for the Orb.
     0 | D:1      | Kronon set off with: a +2 hand crossbow, 27 bolts, a scroll of teleportation, 11 poisoned needles, a +0 blowgun, a +0 robe, a bread ration
     0 | D:1      | Reached XP level 1. HP: 15/15 MP: 1/1
   205 | D:1      | Reached skill level 2 in Fighting
   210 | D:1      | Gained mutation: A weak demonic guardian rushes to your aid. [demonic ancestry]
   210 | D:1      | Reached XP level 2. HP: 23/23 MP: 2/2
   279 | D:1      | Reached skill level 3 in Fighting
   279 | D:1      | Gained mutation: You are partially covered in icy blue scales (AC +1). [demonic ancestry]
   279 | D:1      | Reached XP level 3. HP: 16/29 MP: 3/3
  1253 | D:2      | Noticed Terence
  1471 | D:2      | Reached XP level 4. HP: 36/37 MP: 4/4
  1491 | D:2      | Reached skill level 4 in Fighting
  1912 | D:3      | Noticed Natasha
  1923 | D:3      | Killed Natasha
  2016 | D:3      | Found a faded altar to an unknown god.
  2032 | D:3      | Became a worshipper of Pakellas the Inventive
  2032 | D:3      | Reached * piety under Pakellas
  2032 | D:3      | Received a gift from Pakellas
  2099 | D:3      | Reached XP level 5. HP: 39/43 MP: 5/5
  2167 | D:3      | Reached skill level 5 in Fighting
  2194 | D:3      | Found a deep blue altar of Sif Muna.
  2265 | D:3      | Noticed Grinder
  2292 | D:3      | Killed Grinder
  2292 | D:3      | Reached skill level 1 in Polearms
  2292 | D:3      | Gained mutation: You are mostly covered in icy blue scales (AC +3, EV -1). [demonic ancestry]
  2292 | D:3      | Reached XP level 6. HP: 20/52 MP: 6/6
  2458 | D:3      | Found a shimmering altar of Xom.
  2460 | D:3      | Noticed Natasha
  2668 | D:2      | Killed Terence
  2668 | D:2      | Reached skill level 6 in Fighting
  2769 | D:4      | Found a shattered altar of Ashenzari.
  2806 | D:4      | HP: 1/52 [something/puff of flame (8)]
  2807 | D:4      | Killed from afar by an orc priest

Skill      XL: |  1  2  3  4  5  6 |
---------------+-------------------+-----
Fighting       | 2 3 4 5 6 |  6.0
Polearms       | 1 2 |  2.3
Short Blades   | |  1.0
Crossbows      | |  2.6
Throwing       | |  1.0
Armour         | |  1.0
Dodging        | |  1.0
Stealth        | |  1.0
Shields        | |  1.0

Action                   |  1- 3 |  4- 6 || total
-------------------------+-------+-------++-------
Melee: Halberd           |     2 |   115 ||   117
       Trident           |       |     8 ||     8
 Fire: Hand crossbow     |    82 |     9 ||    91
  Use: Potion            |       |     8 ||     8
 Stab: Sleeping          |       |     7 ||     7
  Eat: Chunk             |     2 |     4 ||     6
Armor: Robe              |     8 |    32 ||    40
Dodge: Dodged            |    19 |    75 ||    94
